 Dungeon Sprint DCSS version 0.29.1-2-gbd0b4ee654 (webtiles) character file.

Game seed: 18304677673948305865

5053 Zeld the Severer (level 10, -2/153 HPs)
             Began as a Minotaur Berserker on Oct 29, 2022.
             Was the Champion of Trog.
             Slain by a death cob (20 damage)
             ... in the Dungeon (Sprint VII: "The Pits").
             The game lasted 00:02:05 (1783 turns).

Zeld the Severer (Minotaur Berserker)               Turns: 1783, Time: 00:02:05

Health: -2/153     AC: 21    Str: 25    XL:     10   Next: 31%
Magic:  9/9        EV: 11    Int:  7    God:    Trog [******]
Gold:   0          SH:  0    Dex: 11    Spells: 9/9 levels left

rFire   . . .      SeeInvis .   a - +4 executioner's axe (vorpal)
rCold   . . .      Faith    .   (shield currently unavailable)
rNeg    . . .      Spirit   .   b - +2 plate armour
rPois   .          Reflect  .   (helmet restricted)
rElec   .          Harm     .   (no cloak)
rCorr   .          Rampage  .   (no gloves)
Will    .....      NoTele   +   (no boots)
Stlth   ..........              (no amulet)
HPRegen 0.35/turn               k - +3 ring of intelligence
MPRegen 0.11/turn               l - +3 ring of protection

@: berserking (expiring), slowed
A: horns 2, retaliatory headbutt
a: Renounce Religion, Berserk, Trog's Hand, Brothers in Arms


You were in the Dungeon.
You worshipped Trog.
Trog was exalted by your worship.
You visited 1 branch

Inventory:

Hand Weapons
 a - a +4 vorpal executioner's axe (weapon)
Armour
 b - a +2 plate armour (worn)
Jewellery
 k - a +3 ring of intelligence (left hand)
 l - a +3 ring of protection (right hand)
Scrolls
 h - a scroll of blinking
 j - a scroll of summoning
Potions
 c - 7 potions of curing
 d - 14 potions of heal wounds
 e - a potion of haste
 f - 4 potions of magic
 g - 4 potions of berserk rage
 i - 2 potions of invisibility


   Skills:
 + Level 13.7 Fighting
 * Level 18.5 Axes
 + Level 13.4 Armour
 + Level 12.4 Dodging


You had 9 spell levels left.
You didn't know any spells.
Your spell library was empty.

Dungeon Overview and Level Annotations

Branches:
Dungeon (1/1)

Altars:
Ashenzari
Cheibriados
Dithmenos
Elyvilon
Fedhas
Gozag
Hepliaklqana
Kikubaaqudgha
Makhleb
Nemelex Xobeh
Okawaru
Qazlal
Ru
Sif Muna
Trog
Uskayaw
Vehumet
Wu Jian
Xom
Yredelemnul
Zin
The Shining One
Jiyva
Lugonu


Innate Abilities, Weirdness & Mutations

You have a pair of horns on your head.
You reflexively headbutt those who attack you in melee.


Message History

The death cob hits you!
The death knight hits you but does no damage.
Unknown command.
You hit the death cob.
The death cob is moderately damaged.
You hit the death knight. The death cob hits you! The death cob hits you.
The death cob drains your vigour!
You feel as though you will be slow longer.
The death knight completely misses you.
The death cob hits you but does no damage.
You closely miss the death cob.
The death cob is moderately damaged.
You hit the death knight. The death cob hits you!
The death cob drains your vigour!
You feel as though you will be slow longer.
The death cob hits you! The death cob drains your vigour!
You feel as though you will be slow longer.
The death knight hits you with a +2 broad axe!
Unknown command.
You are too injured to fight recklessly!
Unknown command.
You are too injured to fight recklessly!
Unknown command.
You slice the death cob!!
The death cob is heavily damaged.
You closely miss the death knight. The death cob hits you!
The death cob completely misses you.
The death knight hits you with a +2 broad axe!
The death cob misses you. You furiously retaliate!
You headbutt the death cob!
Unknown command.
You closely miss the death knight.
The death knight is heavily wounded.
You slice the death cob!! The death cob hits you!
* * * LOW HITPOINT WARNING * * *
The death cob drains your vigour!
You feel as though you will be slow longer.
The death knight hits you with a +2 broad axe!!
* * * LOW HITPOINT WARNING * * *
The death cob hits you!!
You die...

.#......# ........+
........+ .#......#
........# #''######
#''################
#..).....†.#......#
#.......)).'...z@.#
#..#####.†.#####p##
#..'...#......


Wl.. #)†#)..#........##'# #††#...#.#####..# ..# #..#####.'...#..# .# #........#
'..# ## #........# .#.. ##'###...# You could see a death cob, a death knight, a
freezing wraith and a wyvern.

Vanquished Creatures
  A shadow wraith (D)
  An orc sorcerer (D)
  A manticore (D)
  A molten gargoyle (D)
  A cane toad (D)
  A komodo dragon (D)
  Grinder (D)
  8 blink frogs (D)
  A jumping spider (D)
  2 fire bats (D)
  A water moccasin (D)
  A floating eye (D)
  An ice beast (D)
  An ogre (D)
  A centaur (D)
  2 kobold brigands (D)
  3 killer bees (D)
  2 crimson imps (D)
  A gnoll (D)
  2 white imps (D)
  2 adder skeletons (D)
  An orc (D)
  A bat (D)
  A bat skeleton (D)
  A bat zombie (D)
  A giant cockroach (D)
  A hobgoblin (D)
  3 jackals (D)
  A kobold (D)
  2 ball pythons (D)
  A ball python zombie (D)
  A frilled lizard (D)
  2 rats (D)
51 creatures vanquished.

Notes
Turn   | Place    | Note
-------+----------+-------------------------------------------
     0 | D        | Zeld the Minotaur Berserker began the quest for the Orb.
     0 | D        | Reached XP level 1. HP: 19/19 MP: 0/0
    12 | D        | Noticed a snapping turtle
    12 | D        | Noticed a centaur
    17 | D        | Killed a centaur
    18 | D        | Reached skill level 5 in Fighting
    18 | D        | Reached skill level 7 in Axes
    18 | D        | Reached XP level 2. HP: 26/30 MP: 1/1
    18 | D        | Reached XP level 3. HP: 32/37 MP: 2/2
    18 | D        | Reached XP level 4. HP: 38/44 MP: 3/3
   251 | D        | Reached skill level 5 in Armour
   255 | D        | Found a bloodstained altar of Trog.
   255 | D        | Found a shimmering blue altar of Sif Muna.
   255 | D        | Found a viscous altar of Jiyva.
   255 | D        | Found a hazy altar of Hepliaklqana.
   255 | D        | Found an opulent altar of Gozag.
   256 | D        | Found a glowing golden altar of the Shining One.
   256 | D        | Found a glowing silver altar of Zin.
   256 | D        | Found a basalt altar of Yredelemnul.
   256 | D        | Found a shimmering altar of Xom.
   256 | D        | Found an ornate altar of the Wu Jian Council.
   256 | D        | Found a sacrificial altar of Ru.
   256 | D        | Found a stormy altar of Qazlal.
   256 | D        | Found an iron altar of Okawaru.
   256 | D        | Found a sparkling altar of Nemelex Xobeh.
   256 | D        | Found a burning altar of Makhleb.
   256 | D        | Found a blossoming altar of Fedhas.
   256 | D        | Found a white marble altar of Elyvilon.
   256 | D        | Found a shadowy altar of Dithmenos.
   256 | D        | Found a snail-covered altar of Cheibriados.
   257 | D        | Found a radiant altar of Vehumet.
   257 | D        | Found a corrupted altar of Lugonu.
   258 | D        | Found an ancient bone altar of Kikubaaqudgha.
   258 | D        | Found a hide-covered altar of Uskayaw.
   258 | D        | Found a broken altar of Ashenzari.
   419 | D        | Reached ** piety under Trog
   463 | D        | Reached *** piety under Trog
   465 | D        | Noticed Grinder
   466 | D        | Noticed a floating eye
   467 | D        | Paralysed by Grinder for 2 turns
   472 | D        | Killed a floating eye
   473 | D        | Reached skill level 9 in Axes
   473 | D        | Reached skill level 5 in Dodging
   473 | D        | Reached XP level 5. HP: 41/52 MP: 4/4
   477 | D        | Killed Grinder
   477 | D        | Reached **** piety under Trog
   478 | D        | Reached skill level 11 in Axes
   478 | D        | Reached XP level 6. HP: 33/62 MP: 5/5
   841 | D        | Noticed an ice beast
   851 | D        | Killed an ice beast
   856 | D        | Reached ***** piety under Trog
   866 | D        | Reached skill level 12 in Axes
   866 | D        | Reached XP level 7. HP: 56/70 MP: 6/6
  1067 | D        | Killed a shadow wraith
  1068 | D        | Reached skill level 10 in Fighting
  1068 | D        | Reached skill level 14 in Axes
  1068 | D        | Reached skill level 10 in Armour
  1068 | D        | Reached XP level 8. HP: 80/80 MP: 7/7
  1103 | D        | Received a gift from Trog
  1293 | D        | Noticed a molten gargoyle
  1293 | D        | Noticed a cane toad
  1299 | D        | Killed a cane toad
  1300 | D        | Reached skill level 15 in Axes
  1300 | D        | Reached skill level 10 in Dodging
  1308 | D        | Killed a molten gargoyle
  1309 | D        | Reached XP level 9. HP: 90/90 MP: 8/8
  1468 | D        | Reached ****** piety under Trog
  1468 | D        | Received a gift from Trog
  1470 | D        | Reached skill level 16 in Axes
  1476 | D        | Reached skill level 17 in Axes
  1510 | D        | Received a gift from Trog
  1543 | D        | Reached XP level 10. HP: 92/101 MP: 9/9
  1627 | D        | Noticed an orc sorcerer
  1627 | D        | Noticed a manticore
  1633 | D        | Killed an orc sorcerer
  1634 | D        | Reached skill level 18 in Axes
  1639 | D        | Killed a manticore
  1639 | D        | Received a gift from Trog
  1773 | D        | Noticed a death knight
  1774 | D        | Noticed a death cob
  1783 | D        | Slain by a death cob

Illustrated notes

Levels and vault maps discovered:
D:        pitsprint [storerooms_1, entrance_room_1, metal_vault_8, armoury_2,
          mini_pit_1, grid_room_1, main_hall_1, silver_pit, the_coven_2,
          the_vestibule_1, steel_vault_2, golden_pit, hallway_of_sentries,
          crystal_vault_4, iron_vault_2, final_vault]

Skill      XL: |  1  2  3  4  5  6  7  8  9 10 |
---------------+-------------------------------+-----
Fighting       | 5 7 8 9 10 11 13 | 13.7
Axes           | 7 9 11 12 14 15 17 18 | 18.5
Armour         | 4 6 7 8 10 11 12 13 | 13.4
Dodging        | 4 5 7 9 10 11 12 | 12.4

Action                   |  1- 3 |  4- 6 |  7- 9 | 10-12 || total
-------------------------+-------+-------+-------+-------++-------
Melee: Hand axe          |     3 |    38 |    51 |       ||    92
       Headbutt          |       |     9 |     9 |     2 ||    20
       Punch             |       |     2 |       |       ||     2
       War axe           |       |       |    20 |       ||    20
       Executioner's axe |       |       |     3 |    21 ||    24
Invok: Berserk           |     1 |     1 |     3 |     2 ||     7
Armor: Animal skin       |       |     1 |       |       ||     1
       Plate armour      |       |    10 |    20 |    18 ||    48
Dodge: Dodged            |     5 |    14 |    30 |    17 ||    66
